Construct Infanterie Kompanie
Selects Luftwaffe Battlegroup
Selects Luftwaffe Pioneer Support
Infanterie Officer Quarters
Selects LG40 Recoilless Gun Paradrop
LG40 Recoilless Gun Paradrop
Construct Panzergrenadier Kompanie
Panzergrenadier Officer Quarters
Construct Panzer Kompanie
Pak 40 Anti-tank Gun Team
Selects Infantry Reserves
Selects Stuka Strafing Run
Pak 40 Anti-tank Gun Team
Pak 40 Anti-tank Gun Team
Selects Fallschirmjäger Squad Paradrop
Construct Infanterie Kompanie